 Dungeon Crawl Stone Soup version 0.28.0-49-g6dfe1f597d (webtiles) character file.

Game seed: 10451471699038782453

339 Exodus22XD the Poker (level 6, -14/47 HPs)
             Began as a Demonspawn Gladiator on May 19, 2022.
             Demolished by an ogre
             ... wielding a +0 giant spiked club
              (24 damage)
             ... on level 3 of the Dungeon.
             The game lasted 00:02:52 (3066 turns).

Exodus22XD the Poker (Demonspawn Gladiator)         Turns: 3066, Time: 00:02:53

Health: -14/47     AC:  7    Str: 17    XL:     6   Next: 29%
Magic:  6/6        EV: 11    Int: 15    God:
Gold:   121        SH:  6    Dex: 14    Spells: 5/5 levels left

rFire   . . .      SeeInvis .   a - +0 trident
rCold   . . .      Faith    .   (no shield)
rNeg    . . .      Spirit   .   p - +0 ring mail
rPois   .          Reflect  .   c - +0 helmet
rElec   .          Harm     .   (no cloak)
rCorr   .          Rampage  .   (no gloves)
Will    .....                   o - +0 pair of boots
Stlth   +.........              (no amulet)
HPRegen 0.15/turn               k - +6 ring of intelligence
MPRegen 0.10/turn               (no ring)

@: no status effects
A: large bone plates 2, foul stench 1, spiny 2
a: no special abilities


You were on level 3 of the Dungeon.
You visited 1 branch of the dungeon, and saw 3 of its levels.
You also visited: Sewer.

You collected 121 gold pieces.

Inventory:

Hand Weapons
 a - a +0 trident (weapon)
Missiles
 d - 3 throwing nets (quivered)
Armour
 c - a +0 helmet (worn)
 l - a +0 tower shield
 o - a +0 pair of boots (worn)
 p - a +0 ring mail (worn)
Jewellery
 e - a ring of flight
 k - a +6 ring of intelligence (left hand)
Wands
 n - a wand of digging (9)
Scrolls
 g - a scroll of magic mapping {unknown}
 h - a scroll of teleportation
 j - a scroll of noise {unknown}
 q - a scroll of immolation {unknown}
 r - a scroll of fear
 v - a scroll of fog {unknown}
Potions
 b - a potion of lignification
 f - a potion of berserk rage
 m - a potion of degeneration {unknown}
 s - a potion of heal wounds {unknown}
 t - 2 potions of magic
 u - a potion of mutation {unknown}


   Skills:
 + Level 3.1 Fighting
 + Level 4.6 Polearms
 + Level 1.8 Throwing
 + Level 2.3 Armour
 - Level 3.0 Dodging
 + Level 1.0 Stealth
 * Level 1.8 Shields


You had 5 spell levels left.
You didn't know any spells.
Your spell library was empty.

Dungeon Overview and Level Annotations

Branches:
Dungeon (3/15)              Sewer (visited)

Altars:
Yredelemnul

Shops:
D:2 :


Innate Abilities, Weirdness & Mutations

You are mostly covered in large bone plates. (SH +6)
You may rarely emit foul miasma when damaged in melee.
You are mostly covered in sharp spines.


Message History

A jackal is nearby!
The jackal barks!
You hear a bark!
An ogre comes into view. It is wielding a +0 giant spiked club.
A jackal comes into view.
There are monsters nearby!
Found a long sword.
A jackal comes into view.
You reach to attack!
You hit the jackal.
You kill the jackal!
There are monsters nearby!
Found a stone staircase leading up.
There are monsters nearby!
You barely miss the jackal. The jackal is struck by your spines.
You kill the jackal!
You hit the ogre.
The ogre is lightly wounded.
The ogre is struck by your spines.
The ogre hits you with a +0 giant spiked club!!
You barely miss the ogre.
The ogre is lightly wounded.
The jackal bites you but does no damage.
The ogre hits you with a +0 giant spiked club!!
* * * LOW HITPOINT WARNING * * *
The jackal is struck by your spines.
You kill the jackal!
Reach: a) +0 trident
Press: ? - help, Dir - move target, f - ogre
Aim: an ogre, wielding a +0 giant spiked club (lightly wounded, about 25% to evade your +0 trident)
You reach to attack!
You puncture the ogre!
The ogre is moderately wounded.
The ogre is struck by your spines. The ogre closely misses you.
Reach: a) +0 trident
Press: ? - help, Dir - move target, f/p - ogre
Aim: an ogre, wielding a +0 giant spiked club (severely wounded, about 25% to evade your +0 trident)
You reach to attack!
You puncture the ogre!
The ogre is almost dead.
Found a stone staircase leading down.
The ogre hits you with a +0 giant spiked club!!
Ouch! That really hurt!
You die...

# ....... ### ..##..#.# # #..
..# .<......# .# #.. #.#
........# .# #.# #.#
........##)# #.# #.#
......†....# #.# #.#
####..#.#.## #.# # #)#
.##...###.#.###.#.#.# ####.#
......##.#....O@....# #..)..
##...#.#..##.###...##### #.##.#
###..#.............>..# #.##.#
#####.#.##.##.#.....###.# #.##..
.............#..##..# #.###.####
#########...#.####..###.........
##..................####
#.##.......#########
#.#######.##


You could see an ogre.

Vanquished Creatures
  2 bullfrogs (Sewer)
  A hound skeleton (D:2)
  5 adders
  6 river rats (Sewer)
  A worm (D:2)
  A dart slug (D:1)
  2 orcs (D:3)
  4 bats
  6 endoplasms
  5 giant cockroaches
  6 goblins
  4 hobgoblins
  5 jackals
  3 quokkas
  19 ball pythons
  6 frilled lizards
  A kobold (D:1)
  25 rats
102 creatures vanquished.

Notes
Turn   | Place    | Note
-------+----------+-------------------------------------------
     0 | D:1      | Exodus22XD the Demonspawn Gladiator began the quest for the
                  | Orb.
     0 | D:1      | Reached XP level 1. HP: 16/16 MP: 1/1
   383 | D:1      | Reached skill level 3 in Polearms
   428 | D:1      | Gained mutation: You are partially covered in sharp spines.
                  | [demonic ancestry]
   428 | D:1      | Reached XP level 2. HP: 3/22 MP: 2/2
  1231 | D:2      | Reached skill level 1 in Armour
  1231 | D:2      | Gained mutation: You are partially covered in large bone
                  | plates. (SH +4) [demonic ancestry]
  1231 | D:2      | Reached XP level 3. HP: 18/27 MP: 3/3
  1354 | D:2      | Found a basalt altar of Yredelemnul.
  1656 | D:2      | Found Apudetzu's Book Shop.
  1877 | D:2      | Gained mutation: You are mostly covered in sharp spines.
                  | [demonic ancestry]
  1877 | D:2      | Reached XP level 4. HP: 34/34 MP: 4/4
  2129 | D:2      | Found a faded altar of an unknown god.
  2366 | D:3      | Found a glowing drain.
  2397 | Sewer    | Entered a sewer
  2428 | Sewer    | Reached skill level 1 in Shields
  2531 | Sewer    | Gained mutation: You may rarely emit foul miasma when
                  | damaged in melee. [demonic ancestry]
  2531 | Sewer    | Reached XP level 5. HP: 39/39 MP: 5/5
  2626 | Sewer    | Reached skill level 1 in Stealth
  2736 | Sewer    | Reached skill level 4 in Polearms
  2811 | Sewer    | Gained mutation: You are mostly covered in large bone
                  | plates. (SH +6) [demonic ancestry]
  2811 | Sewer    | Reached XP level 6. HP: 33/47 MP: 6/6
  3066 | D:3      | Demolished by an ogre

Illustrated notes

Levels and vault maps discovered:
D:1:      wander_arrival_estate, layout_basic
D:2:      layout_rooms, basic_altar, shapermc_ecumenical_altar_hornbeckon,
          serial_shops, nicolae_shop_crystal, kennysheep_doodads, minmay_tripent
D:3:      layout_loops_ring, mainiacjoe_overflow_cross_hatched,
          gup_sewer_entry_glass

Skill      XL: |  1  2  3  4  5 |
---------------+----------------+-----
Polearms       | 3 4 |  4.6
Armour         | 1 2 |  2.3
Dodging        | 3 |  3.0
Shields        | 1 |  1.8
Stealth        | 1 |  1.0
Fighting       | 3 |  3.1
Throwing       | |  1.8

Action                   |  1- 3 |  4- 6 || total
-------------------------+-------+-------++-------
Melee: Trident           |   100 |   119 ||   219
       Punch             |     1 |     2 ||     3
  Use: Scroll            |       |     5 ||     5
 Stab: Sleeping          |     3 |     1 ||     4
Armor: Leather armour    |    26 |       ||    26
       Ring mail         |       |    24 ||    24
Dodge: Dodged            |    49 |    36 ||    85
Block: Other             |     1 |    25 ||    26
